 Dungeon Crawl Stone Soup version 0.28.0-53-g5a82cb258f (webtiles) character file.

Game seed: 10239102884422164859

7 purpskrrrp the Conjurer (level 1, 0/13 HPs)
             Began as a Demonspawn Wanderer on June 23, 2022.
             Slain by a jackal (3 damage)
             ... on level 1 of the Dungeon.
             The game lasted 00:01:58 (485 turns).

purpskrrrp the Conjurer (Demonspawn Wanderer)        Turns: 485, Time: 00:01:58

Health: 0/13       AC:  3    Str: 12    XL:     1   Next: 83%
Magic:  2/2        EV: 11    Int: 10    God:
Gold:   0          SH:  0    Dex: 15    Spells: 1/2 levels left

rFire   . . .      SeeInvis .   f - staff of poison
rCold   . . .      Faith    .   (no shield)
rNeg    . . .      Spirit   .   d - +0 leather armour
rPois   +          Reflect  .   (no helmet)
rElec   .          Harm     .   (no cloak)
rCorr   .          Rampage  .   (no gloves)
Will    .....                   (no boots)
Stlth   +.........              (no amulet)
HPRegen 0.04/turn               (no ring)
MPRegen 0.08/turn               (no ring)

@: no status effects
A: no striking features
a: no special abilities


You were on level 1 of the Dungeon.
You visited 1 branch of the dungeon, and saw 1 of its levels.

Inventory:

Hand Weapons
 a - a +0 quarterstaff
 c - a +0 dagger
Missiles
 b - 7 boomerangs (quivered)
 e - 5 poisoned darts
Armour
 d - a +0 leather armour (worn)
Magical Staves
 f - a staff of poison (weapon)
Scrolls
 g - 2 scrolls of identify {unknown}
 h - a scroll of silence {unknown}
Potions
 i - 3 potions of curing {unknown}


   Skills:
 + Level 1.1 Staves
 + Level 2.8 Throwing
 + Level 1.0 Armour
 + Level 1.0 Dodging
 + Level 1.0 Spellcasting
 + Level 3.1 Conjurations


You had one spell level left.
You knew the following spells:

 Your Spells              Type           Power      Damage    Failure   Level
a - Magic Dart            Conj           24%        1d4       12%         1

Your spell library contained the following spells:

 Spells                   Type           Power      Damage    Failure   Level
 Searing Ray              Conj           12%        2d4       19%         2
 Scorch                   Fire           0%         2d5       54%         2
 Stone Arrow              Conj/Erth      6%         3d7       56%         3
 Flame Wave               Conj/Fire      3%         2d4       92%         4
 Fulminant Prism          Conj/Hex       1%         3d6       92%         4
 Hailstorm                Conj/Ice       3%         3d3       92%         4
 Summon Cactus Giant      Summ           0%         N/A       100%        6


Dungeon Overview and Level Annotations

Branches:
Dungeon (1/15)

Altars:


Message History

The jackal barks!
The kobold shouts!
You hear a bark!
A jackal comes into view.
The jackal closely misses you.
You hit the jackal.
The jackal is severely wounded.
You completely miss the jackal. The jackal closely misses you.
You hit the jackal but do no damage. The jackal barely misses you.
The jackal completely misses you.
You hit the jackal but do no damage. The jackal bites you.
You hit the jackal.
The jackal is lightly wounded.
The jackal barely misses you. x2
You hit the jackal.
The jackal is moderately wounded.
The jackal closely misses you. The jackal barely misses you.
You hit the jackal.
The jackal is heavily wounded.
The jackal bites you.
You miss the jackal.
The jackal is heavily wounded.
The jackal completely misses you. The jackal bites you.
You hit the jackal but do no damage.
The jackal is heavily wounded.
The jackal bites you but does no damage.
The jackal bites you.
You hit the jackal but do no damage.
The jackal is heavily wounded.
The jackal bites you but does no damage.
You barely miss the jackal.
The jackal is heavily wounded.
The jackal barely misses you. The jackal misses you.
You hit the jackal but do no damage.
The jackal is heavily wounded.
The jackal barely misses you.
You hit the jackal.
The jackal is severely wounded.
The jackal barely misses you. The jackal bites you.
* * * LOW HITPOINT WARNING * * *
The jackal bites you.
You die...

#...........# ..
#...........# #.#..
##..#.###.#.# #.#.#
#..#.###...# #.#..
#.....###.####.#..
#.##...#.....#....
#.##.#.#.###......
#.##.....##.......
#@.####...........
##h# #...........
#h# #........... #K#
#...........
#...................
#..................>
#.......##..........
#.......##..........
#.......##..........


You could see 2 jackals and a kobold.

Vanquished Creatures
  A dart slug (D:1)
  A ball python (D:1)
  A bat (D:1)
  A hobgoblin (D:1)
4 creatures vanquished.

Notes
Turn   | Place    | Note
-------+----------+-------------------------------------------
     0 | D:1      | purpskrrrp the Demonspawn Wanderer began the quest for the
                  | Orb.
     0 | D:1      | purpskrrrp set off with the following items: a +0
                  | quarterstaff, 7 boomerangs, a +0 dagger, a +0 leather
                  | armour; and the following spell memorised: Magic Dart; and
                  | the following spells available to memorise: Stone Arrow,
                  | Hailstorm
     0 | D:1      | Reached XP level 1. HP: 13/13 MP: 2/2
   188 | D:1      | Found a faded altar of an unknown god.
   485 | D:1      | Slain by a jackal

Illustrated notes

Levels and vault maps discovered:
D:1:      dpeg_arrival_snail, layout_rooms, hellmonk_ecumenical_altar_crossroads

Action                   || total
-------------------------++-------
Melee: Staff             ||    26
Armor: Leather armour    ||     6
Dodge: Dodged            ||    21
